ORI
UNIVERSITY OF ALABAMA CRIMSON TIDE @ LOUISIANA STATE UNIVERSITY TIGERS
11/25/2048
 
TOP OF THE 1ST
University of Minnesota Golden Gophers batting - Pitching for University of Alabama Crimson Tide : LHP Alan Sullivan
Pitching: LHP Alan Sullivan
Batting: SHB Chris Rodgers 0-0: Ball
1-0: Ground out 5-3 (Groundball, 56S, EV 92.5 MPH)
Batting: RHB Roy Evenden 0-0: Ground out 1-3 (Groundball, 13S, EV 65.0 MPH)
Batting: RHB Ozzie Buendia 0-0: Foul Ball, location: 2F
0-1: Ball
1-1: Foul Ball, location: 2F
1-2: SOLO HOME RUN (Flyball, 7LD, EV 98.8 MPH), Distance : 348 ft
Batting: RHB Jose Garrido 0-0: Ball
1-0: Foul Ball, location: 2F
1-1: DOUBLE (Line Drive, 9LM, EV 102.5 MPH)
Batting: SHB Marty Kuehn 0-0: Swinging Strike
0-1: Ball
1-1: Foul Ball, location: 2F
1-2: Strikes out swinging
Top of the 1st over - 1 run, 2 hits, 0 errors, 1 left on base; University of Minnesota 1 - University of Alabama 0
BOTTOM OF THE 1ST
University of Alabama Crimson Tide batting - Pitching for University of Minnesota Golden Gophers : LHP Alexis Varela
Pitching: LHP Alexis Varela
Batting: LHB Joe Blackwood 0-0: Called Strike
0-1: Called Strike
0-2: Reached on error, E6 (Groundball, 6S, EV 66.9 MPH)
Batting: LHB Matt Barkley 0-0: Called Strike
0-1: Foul Ball, location: 2F
0-2: Strikes out looking
Batting: LHB Danny Schultz 0-0: Called Strike
0-1: Ball
1-1: Swinging Strike
1-2: Fly out, F9 (Flyball, 9LSF, EV 83.1 MPH)
Batting: RHB Gustavo Delgado 0-0: Called Strike
Joe Blackwood is caught stealing 2nd base 2-4
Bottom of the 1st over - 0 runs, 0 hits, 1 error, 0 left on base; University of Minnesota 1 - University of Alabama 0
TOP OF THE 2ND
University of Minnesota Golden Gophers batting - Pitching for University of Alabama Crimson Tide : LHP Alan Sullivan
Batting: RHB Ron Gooch 0-0: Ball
1-0: Fly out, F9 (Flyball, 89M, EV 80.6 MPH)
Batting: LHB Jose Moncada 0-0: Ball
1-0: Foul Ball, location: 2F
1-1: Ground out 6-3 (Groundball, 4M, EV 91.9 MPH)
Batting: LHB Ivan Villegas 0-0: Ball
1-0: Fly out, F8 (Flyball, 8LD, EV 110.0 MPH)
Top of the 2nd over - 0 runs, 0 hits, 0 errors, 0 left on base; University of Minnesota 1 - University of Alabama 0
BOTTOM OF THE 2ND
University of Alabama Crimson Tide batting - Pitching for University of Minnesota Golden Gophers : LHP Alexis Varela
Batting: RHB Gustavo Delgado 0-0: Swinging Strike
0-1: Ball
1-1: Foul Ball, location: 2F
1-2: Foul Ball, location: 2F
1-2: Ball
2-2: Ball
3-2: Foul Ball, location: 2F
3-2: Foul Ball, location: 2F
3-2: Strikes out swinging
Batting: RHB Hughie Withers 0-0: Ball
1-0: Called Strike
1-1: Called Strike
1-2: Foul Ball, location: 2F
1-2: Ball
2-2: Strikes out swinging
Batting: RHB Fernando Reyes 0-0: Ball
1-0: Ball
2-0: Ball
3-0: Called Strike
3-1: Foul Ball, location: 2F
3-2: Strikes out swinging
Bottom of the 2nd over - 0 runs, 0 hits, 0 errors, 0 left on base; University of Minnesota 1 - University of Alabama 0
TOP OF THE 3RD
University of Minnesota Golden Gophers batting - Pitching for University of Alabama Crimson Tide : LHP Alan Sullivan
Batting: RHB Mike Satterfield 0-0: Called Strike
0-1: Called Strike
0-2: Ball
1-2: Strikes out looking
Batting: SHB Chris Rodgers 0-0: Ball
1-0: Ball
2-0: Ball
3-0: Called Strike
3-1: Called Strike
3-2: Strikes out looking
Batting: RHB Roy Evenden 0-0: Called Strike
0-1: Ball
1-1: Ball
2-1: Swinging Strike
2-2: Ball
3-2: Ground out 6-3 (Groundball, 56, EV 84.4 MPH)
Top of the 3rd over - 0 runs, 0 hits, 0 errors, 0 left on base; University of Minnesota 1 - University of Alabama 0
BOTTOM OF THE 3RD
University of Alabama Crimson Tide batting - Pitching for University of Minnesota Golden Gophers : LHP Alexis Varela
Batting: LHB Dallas Shaw 0-0: Ball
1-0: Swinging Strike
1-1: Foul Ball, location: 2F
1-2: Foul Ball, location: 2F
1-2: Fly out, F7 (Line Drive, 78M, EV 103.8 MPH)
Batting: LHB Platon Protopsaltis 0-0: Ball
1-0: Ground out 4-3 (Groundball, 4, EV 86.2 MPH)
Batting: RHB Larry Brown 0-0: Foul Ball, location: 2F
0-1: Ball
1-1: Called Strike
1-2: Strikes out swinging
Bottom of the 3rd over - 0 runs, 0 hits, 0 errors, 0 left on base; University of Minnesota 1 - University of Alabama 0
TOP OF THE 4TH
University of Minnesota Golden Gophers batting - Pitching for University of Alabama Crimson Tide : LHP Alan Sullivan
Batting: RHB Ozzie Buendia 0-0: Ball
1-0: Called Strike
1-1: Ball
2-1: Foul Ball, location: 2F
2-2: Ground out 6-3 (Groundball, 6, EV 96.9 MPH)
Batting: RHB Jose Garrido 0-0: Swinging Strike
0-1: Ball
1-1: Foul Ball, location: 2F
1-2: Foul Ball, location: 2F
1-2: Ball
2-2: Strikes out swinging
Batting: SHB Marty Kuehn 0-0: Called Strike
0-1: Ball
1-1: Ball
2-1: Foul Ball, location: 2F
2-2: Fly out, F9 (Line Drive, 89M, EV 98.8 MPH)
Top of the 4th over - 0 runs, 0 hits, 0 errors, 0 left on base; University of Minnesota 1 - University of Alabama 0
BOTTOM OF THE 4TH
University of Alabama Crimson Tide batting - Pitching for University of Minnesota Golden Gophers : LHP Alexis Varela
Batting: LHB Joe Blackwood 0-0: Ball
1-0: Ground out 4-3 (Groundball, 4, EV 83.1 MPH)
Batting: LHB Matt Barkley 0-0: Called Strike
0-1: Ball
1-1: Fly out, F9 (Flyball, 9, EV 91.9 MPH)
Batting: LHB Danny Schultz 0-0: Fly out, F7 (Flyball, 7LMF, EV 95.6 MPH)
Bottom of the 4th over - 0 runs, 0 hits, 0 errors, 0 left on base; University of Minnesota 1 - University of Alabama 0
TOP OF THE 5TH
University of Minnesota Golden Gophers batting - Pitching for University of Alabama Crimson Tide : LHP Alan Sullivan
Batting: RHB Ron Gooch 0-0: Foul Ball, location: 2F
0-1: Ball
1-1: Foul Ball, location: 2F
1-2: Ball
2-2: SINGLE (Groundball, 4D, EV 101.9 MPH)
Batting: LHB Jose Moncada 0-0: SINGLE (Groundball, 6, EV 101.2 MPH)
Ron Gooch to second
Batting: LHB Ivan Villegas 0-0: Called Strike
0-1: Swinging Strike
0-2: Foul Ball, location: 2F
0-2: Ball
1-2: Foul Ball, location: 2F
1-2: Fielders Choice at 2nd, 4-6 (Groundball, 4, EV 82.5 MPH)
Ron Gooch to third
Batting: RHB Mike Satterfield 0-0: Ball
1-0: Squeeze Bunt to 13 - play home, runner scores, batter safe!
Ron Gooch scores
Ivan Villegas to second
Batting: SHB Chris Rodgers 0-0: SINGLE (Line Drive, 6MD, EV 105.6 MPH)
Ivan Villegas to third
Mike Satterfield to second
Throwing error, E8
Ivan Villegas scores
Mike Satterfield to third
Chris Rodgers to second
Batting: RHB Roy Evenden 0-0: DOUBLE (Line Drive, 78M, EV 100.0 MPH)
Mike Satterfield scores
Chris Rodgers scores
Pitching: LHP Don Rodgers
Batting: RHB Ozzie Buendia 0-0: Ball
1-0: Ball
2-0: Ball
3-0: Called Strike
3-1: Fly out, F9 (Flyball, 9, EV 91.9 MPH)
Runner from 2nd tags up, SAFE at 3rd with throw by RF
Pitching: RHP Matt Mason
Batting: RHB Jose Garrido 0-0: Ball
1-0: Ball
2-0: Fly out, F9 (Flyball, 9, EV 91.9 MPH)
Top of the 5th over - 4 runs, 4 hits, 1 error, 1 left on base; University of Minnesota 5 - University of Alabama 0
BOTTOM OF THE 5TH
University of Alabama Crimson Tide batting - Pitching for University of Minnesota Golden Gophers : LHP Alexis Varela
Batting: RHB Gustavo Delgado 0-0: Called Strike
0-1: Ball
1-1: Called Strike
1-2: Strikes out swinging
Batting: RHB Hughie Withers 0-0: Ball
1-0: Called Strike
1-1: Swinging Strike
1-2: Foul Ball, location: 2F
1-2: Ball
2-2: Ball
3-2: Strikes out swinging
Batting: RHB Fernando Reyes 0-0: Ball
1-0: Foul Ball, location: 2F
1-1: Ball
2-1: Ball
3-1: Fly out, F9 (Flyball, 9LMF, EV 83.1 MPH)
Bottom of the 5th over - 0 runs, 0 hits, 0 errors, 0 left on base; University of Minnesota 5 - University of Alabama 0
TOP OF THE 6TH
University of Minnesota Golden Gophers batting - Pitching for University of Alabama Crimson Tide : RHP Matt Mason
Batting: SHB Marty Kuehn 0-0: Called Strike
0-1: Called Strike
0-2: SOLO HOME RUN (Flyball, 78XD, EV 101.2 MPH), Distance : 403 ft
Batting: RHB Ron Gooch 0-0: Ball
1-0: Swinging Strike
1-1: Ground out 5-3 (Groundball, 5S, EV 85.0 MPH)
Batting: LHB Jose Moncada 0-0: Ground out U3 (Groundball, 34, EV 104.4 MPH)
Batting: LHB Ivan Villegas 0-0: Swinging Strike
0-1: Ground out U3 (Groundball, 3, EV 88.8 MPH)
Top of the 6th over - 1 run, 1 hit, 0 errors, 0 left on base; University of Minnesota 6 - University of Alabama 0
BOTTOM OF THE 6TH
University of Alabama Crimson Tide batting - Pitching for University of Minnesota Golden Gophers : LHP Alexis Varela
Batting: LHB Dallas Shaw 0-0: Called Strike
0-1: Swinging Strike
0-2: Foul Ball, location: 2F
0-2: Ball
1-2: Foul Ball, location: 2F
1-2: Ground out 5-3 (Groundball, 5, EV 109.4 MPH)
Batting: LHB Platon Protopsaltis 0-0: Reached on error, E4 (Groundball, 34D, EV 79.4 MPH)
Batting: RHB Larry Brown 0-0: Ball
1-0: Ball
2-0: Called Strike
2-1: Swinging Strike
2-2: Strikes out swinging
Pitching: RHP Jin Guan
Batting: LHB Joe Blackwood 0-0: SINGLE (Groundball, 4S, EV 100.0 MPH)
Platon Protopsaltis to third
Runner from 3rd tries for Home, SAFE, throw by RF to home
Batting: LHB Matt Barkley 0-0: Called Strike
0-1: Ball
1-1: Called Strike
1-2: Ball
2-2: Foul Ball, location: 2F
2-2: Foul Ball, location: 2F
2-2: Fielders Choice at 2nd, 5-4 (Groundball, 5, EV 84.4 MPH)
Bottom of the 6th over - 1 run, 1 hit, 1 error, 1 left on base; University of Minnesota 6 - University of Alabama 1
TOP OF THE 7TH
University of Minnesota Golden Gophers batting - Pitching for University of Alabama Crimson Tide : RHP Matt Mason
Batting: RHB Mike Satterfield 0-0: Ball
1-0: Foul Ball, location: 2F
1-1: Foul Ball, location: 2F
1-2: Ground out 6-3 (Groundball, 6, EV 86.2 MPH)
Batting: SHB Chris Rodgers 0-0: Foul Ball, location: 2F
0-1: Called Strike
0-2: Ball
1-2: Strikes out swinging
Batting: RHB Roy Evenden 0-0: Ground out 6-3 (Groundball, 6, EV 85.0 MPH)
Top of the 7th over - 0 runs, 0 hits, 0 errors, 0 left on base; University of Minnesota 6 - University of Alabama 1
BOTTOM OF THE 7TH
University of Alabama Crimson Tide batting - Pitching for University of Minnesota Golden Gophers : RHP Jin Guan
Batting: LHB Danny Schultz 0-0: Foul Ball, location: 2F
0-1: Called Strike
0-2: Ball
1-2: Strikes out swinging
Pinch Hitting: LHB Robby Ramires 0-0: Ball
1-0: Foul Ball, location: 2F
1-1: Called Strike
1-2: Strikes out swinging
Batting: RHB Hughie Withers 0-0: Foul Ball, location: 2F
0-1: Swinging Strike
0-2: Strikes out swinging
Bottom of the 7th over - 0 runs, 0 hits, 0 errors, 0 left on base; University of Minnesota 6 - University of Alabama 1
TOP OF THE 8TH
University of Minnesota Golden Gophers batting - Pitching for University of Alabama Crimson Tide : RHP Matt Mason
Now at 1B: Onorato Zacagnini
Batting: RHB Ozzie Buendia 0-0: Called Strike
0-1: Swinging Strike
0-2: Ball
1-2: Foul Ball, location: 2F
1-2: Ground out 6-3 (Groundball, 6, EV 88.1 MPH)
Batting: RHB Jose Garrido 0-0: Ball
1-0: Ground out 1-3 (Groundball, 13, EV 64.4 MPH)
Batting: SHB Marty Kuehn 0-0: Ground out 4-3 (Groundball, 4M, EV 88.1 MPH)
Top of the 8th over - 0 runs, 0 hits, 0 errors, 0 left on base; University of Minnesota 6 - University of Alabama 1
BOTTOM OF THE 8TH
University of Alabama Crimson Tide batting - Pitching for University of Minnesota Golden Gophers : RHP Jin Guan
Batting: RHB Fernando Reyes 0-0: Called Strike
0-1: Ball
1-1: Ball
2-1: Swinging Strike
2-2: Ball
3-2: Strikes out swinging, 2-3 out at first.
Batting: LHB Dallas Shaw 0-0: Called Strike
0-1: Fly out, F6 (Line Drive, 6, EV 71.9 MPH)
Batting: LHB Platon Protopsaltis 0-0: Called Strike
0-1: Swinging Strike
0-2: Foul Ball, location: 2F
0-2: Ball
1-2: Foul Ball, location: 2F
1-2: Ball
2-2: Strikes out looking
Bottom of the 8th over - 0 runs, 0 hits, 0 errors, 0 left on base; University of Minnesota 6 - University of Alabama 1
TOP OF THE 9TH
University of Minnesota Golden Gophers batting - Pitching for University of Alabama Crimson Tide : RHP Matt Mason
Pitching: RHP Dwayne Boivin
Batting: RHB Ron Gooch 0-0: Ball
1-0: Foul Ball, location: 2F
1-1: Ball
2-1: Ground out 6-3 (Groundball, 6S, EV 85.0 MPH)
Batting: LHB Jose Moncada 0-0: Ball
1-0: Called Strike
1-1: Ball
2-1: Swinging Strike
2-2: Foul Ball, location: 2F
2-2: Ball
3-2: Fly out, F7 (Line Drive, 7, EV 93.1 MPH)
Batting: LHB Ivan Villegas 0-0: Called Strike
0-1: Foul Ball, location: 2F
0-2: Ball
1-2: Strikes out swinging
Top of the 9th over - 0 runs, 0 hits, 0 errors, 0 left on base; University of Minnesota 6 - University of Alabama 1
BOTTOM OF THE 9TH
University of Alabama Crimson Tide batting - Pitching for University of Minnesota Golden Gophers : RHP Jin Guan
Pinch Hitting: RHB Eric Kilmer 0-0: Called Strike
0-1: Called Strike
0-2: Ball
1-2: Foul Ball, location: 2F
1-2: Foul Ball, location: 2F
1-2: Foul Ball, location: 2F
1-2: Strikes out looking
Batting: LHB Joe Blackwood 0-0: Foul Ball, location: 2F
0-1: Called Strike
0-2: Reached on error, E1 (Groundball, 15S, EV 66.2 MPH)
Batting: LHB Matt Barkley 0-0: Ball
1-0: Called Strike
1-1: Called Strike
1-2: Foul Ball, location: 2F
1-2: Foul Ball, location: 2F
1-2: Foul Ball, location: 2F
1-2: Strikes out swinging
Pitching: RHP Bobby Rodriguez
Batting: LHB Danny Schultz 0-0: Foul Ball, location: 2F
0-1: Ball
1-1: Ball
2-1: Ball
3-1: Swinging Strike
3-2: Fly out, F8 (Line Drive, 8LM, EV 93.1 MPH)
Bottom of the 9th over - 0 runs, 0 hits, 1 error, 1 left on base; University of Minnesota 6 - University of Alabama 1
Tuesday, March 28th , 2023 - OOTP Baseball 23.10 Build 110